 Dungeon Crawl Stone Soup version 0.28-a0-1624-g820543e53a (webtiles) character file.

Game seed: 6024064792260653508

145 HallandMoats the Vandal (level 5, -1/44 HPs)
             Began as a Ghoul Hunter on Jan 23, 2022.
             Slain by Crazy Yiuf (10 damage)
             ... on level 2 of the Dungeon.
             The game lasted 00:02:27 (1594 turns).

HallandMoats the Vandal (Ghoul Hunter)              Turns: 1594, Time: 00:02:28

Health: -1/44      AC:  4    Str: 16    XL:     5   Next: 27%
Magic:  0/5        EV: 12    Int:  6    God:
Gold:   77         SH:  0    Dex: 11    Spells: 4/4 levels left

rFire   . . .      SeeInvis .   a - +1 hunting sling
rCold   + . .      Faith    .   (no shield)
rNeg    + + +      Spirit   .   c - +0 leather armour
rPois   ∞          Reflect  .   (no helmet)
rElec   .          Harm     .   (no cloak)
rCorr   .          Rampage  .   g - +0 pair of gloves
Will    .....                   (no boots)
Stlth   +.........              e - amulet of regeneration
HPRegen 0.00/turn               (no ring)
MPRegen 0.09/turn               (no ring)

@: inhibited regen
A: claws 1, cold resistance 1, negative energy resistance 3, inhibited
regeneration, torment resistance 2
a: no special abilities


You were on level 2 of the Dungeon.
You visited 1 branch of the dungeon, and saw 2 of its levels.

You collected 122 gold pieces.
You spent 45 gold pieces at shops.

Inventory:

Hand Weapons
 a - a +1 hunting sling (weapon)
 b - a +0 short sword
Missiles
 d - 3 sling bullets (quivered ammo)
 i - 33 stones
Armour
 c - a +0 leather armour (worn)
 g - a +0 pair of gloves (worn)
Jewellery
 e - an amulet of regeneration (around neck)
Scrolls
 f - 2 scrolls of teleportation {unknown}
 j - a scroll of magic mapping
 k - 2 scrolls of immolation {unknown}
 l - a scroll of identify {unknown}
Potions
 h - a potion of degeneration {unknown}
 m - a potion of curing {unknown}
 n - 2 potions of brilliance {unknown}


   Skills:
 + Level 2.9 Fighting
 * Level 4.3 Slings
 + Level 1.3 Armour
 + Level 2.3 Dodging
 - Level 1.1 Stealth
 + Level 1.2 Shields
 + Level 1.7 Invocations


You had 4 spell levels left.
You didn't know any spells.
Your spell library was empty.

Dungeon Overview and Level Annotations

Branches:
Dungeon (2/15)

Altars:

Shops:
D:1 *?   D:2 =([

Annotations:
D:2 Crazy Yiuf


Innate Abilities, Weirdness & Mutations

You thrive by killing the living.
You are immune to poison.
You have sharp fingernails.
Your flesh is cold resistant. (rC+)
You are immune to negative energy. (rN+++)
You do not regenerate when monsters are visible.
You are immune to unholy pain and torment.


Message History

You shoot a sling bullet.
The sling bullet barely misses Crazy Yiuf.
Crazy Yiuf shouts!
You shoot a sling bullet.
The sling bullet barely misses Crazy Yiuf.
Crazy Yiuf hits you with a +2 quarterstaff of chaos.
You shoot a sling bullet.
The sling bullet barely misses Crazy Yiuf.
Crazy Yiuf barely misses you.
You shoot a sling bullet.
The sling bullet closely misses Crazy Yiuf.
Crazy Yiuf hits you with a +2 quarterstaff of chaos!
You feel your power leaking away.
You shoot a sling bullet.
The sling bullet barely misses Crazy Yiuf.
Crazy Yiuf barely misses you.
You shoot a sling bullet. The sling bullet hits Crazy Yiuf!
Crazy Yiuf is severely wounded.
Crazy Yiuf hits you with a +2 quarterstaff of chaos.
Crazy Yiuf burns you.
You shoot a sling bullet.
The sling bullet closely misses Crazy Yiuf.
Crazy Yiuf hits you but does no damage.
You shoot a sling bullet.
The sling bullet barely misses Crazy Yiuf.
Crazy Yiuf hits you with a +2 quarterstaff of chaos!
You are electrocuted!
* * * LOW HITPOINT WARNING * * *
You are too injured to fight recklessly!
You are too injured to fight recklessly!
You are too injured to fight recklessly!
You are too injured to fight recklessly!
You are too injured to fight recklessly!
Fire: 4 sling bullets
Press: ? - help, Q - select action, (/) - cycle Shift-Dir - straight line, f/p - Crazy Yiuf
Aim: Crazy Yiuf, wielding a +2 quarterstaff of chaos and wearing a +0 cloak (severely wounded, 64% to hit)
You shoot a sling bullet. The sling bullet hits Crazy Yiuf.
Crazy Yiuf is almost dead.
Crazy Yiuf hits you with a +2 quarterstaff of chaos!
You die...

### ♣♣#### #)..#♣♣
♣♣..#.##
#(..g@♣♣♣♣......#
#.(.#♣..♣.......# ###
♣♣♣.♣...##.# ♣♣♣♣♣###.#
#..### ##
#######....###.
#..........##..
#.............#
##############.#.#..###


You could see Crazy Yiuf.

Vanquished Creatures
  A black bear (D:2)
  An adder (D:2)
  5 dart slugs
  3 endoplasms
  2 giant cockroaches (D:2)
  7 hobgoblins
  2 quokkas (D:2)
  2 bats (D:2)
  2 frilled lizards
  4 goblins (D:1)
  A kobold (D:1)
  3 rats
33 creatures vanquished.

Notes
Turn   | Place    | Note
-------+----------+-------------------------------------------
     0 | D:1      | HallandMoats the Ghoul Hunter began the quest for the Orb.
     0 | D:1      | Reached XP level 1. HP: 17/17 MP: 0/0
    70 | D:1      | Reached XP level 2. HP: 25/25 MP: 1/1
   200 | D:1      | Found Omixt's General Store.
   349 | D:1      | Found Agget's General Store.
   533 | D:1      | Found Wafuk's Magic Scroll Shoppe.
   542 | D:1      | Bought a scroll of magic mapping for 45 gold pieces
   888 | D:2      | Found Vybyim's Antique Weapon Boutique.
   947 | D:2      | Reached skill level 4 in Slings
   947 | D:2      | Reached XP level 3. HP: 30/30 MP: 2/2
  1078 | D:2      | Noticed a black bear
  1087 | D:2      | Killed a black bear
  1088 | D:2      | Reached skill level 1 in Armour
  1088 | D:2      | Reached skill level 1 in Shields
  1088 | D:2      | Reached skill level 1 in Invocations
  1088 | D:2      | Reached XP level 4. HP: 29/37 MP: 2/4
  1088 | D:2      | Reached XP level 5. HP: 34/44 MP: 2/5
  1136 | D:2      | Found Gaucwasi's Jewellery Shoppe.
  1266 | D:2      | Found Anixaatu's Armour Shoppe.
  1401 | D:2      | Found a runed translucent door.
  1402 | D:2      | Noticed Crazy Yiuf
  1594 | D:2      | Slain by Crazy Yiuf

Illustrated notes

Levels and vault maps discovered:
D:1:      ncdulo_lavacross, layout_loops_corners, serial_shops, shop, shop,
          nicolae_shop_temple_entry_statues_fountains
D:2:      layout_rooms, serial_shops, nicolae_shop_trees,
          nicolae_shop_overgrown_old_shop, shop, wad_floor_pattern_untrapped,
          solitary_fountain, minmay_misc_feat_iff, uniq_crazy_yiuf_cottage

Skill      XL: |  1  2  3 |
---------------+----------+-----
Slings         | 4 |  4.3
Dodging        | 2 |  2.3
Armour         | 1 |  1.3
Shields        | 1 |  1.2
Invocations    | 1 |  1.7
Fighting       | |  2.9
Stealth        | |  1.1

Action                   |  1- 3 |  4- 6 || total
-------------------------+-------+-------++-------
 Fire: Hunting sling     |    66 |    29 ||    95
Armor: Leather armour    |     7 |     2 ||     9
Dodge: Dodged            |     3 |     2 ||     5

Table legend: (Time is in decaauts)
 A = Elapsed time spent in this place.
 B = Non-inter-level travel time spent in this place.
 C = Inter-level travel time spent in this place.
 D = Time resting spent in this place.
 E = Time spent auto-exploring this place.
 F = Levels seen in this place.
 G = Mean time per level.
                   A        B        C        D        E       F      G
               +--------+--------+--------+--------+--------+-----+--------+
         Total |   1594 |   1563 |     31 |      0 |   1354 |   2 |  797.0 |
       Dungeon |   1594 |   1563 |     31 |      0 |   1354 |   2 |  797.0 |
               +--------+--------+--------+--------+--------+-----+--------+

Top non-repeatable levels by time:
     D:1: 888 daAuts
     D:2: 705 daAuts
